 Dungeon Crawl Stone Soup version 0.27-a0-1154-gfdeffcb720 (webtiles) character file.

Game seed: 17139877364619221892

449 chippings the Slasher (level 6, -5/47 HPs)
             Began as a Mummy Gladiator on May 14, 2021.
             Was an Initiate of Gozag.
             Slain by Edmund
             ... wielding a +2 flail of holy wrath
              (8 damage)
             ... on level 5 of the Dungeon.
             The game lasted 00:10:47 (4669 turns).

chippings the Slasher (Mummy Gladiator)             Turns: 4669, Time: 00:10:48

Health: -5/47      AC: 14    Str: 18    XL:     6   Next: 74%
Magic:  6/6        EV:  8    Int:  7    God:    Gozag
Gold:   260        SH:  0    Dex: 15    Spells: 5/5 levels left

rFire    x . .     SeeInvis .   u - +4 dagger (elec)
rCold    + . .     Faith    .   (no shield)
rNeg     + + +     Spirit   .   g - +0 shadow dragon scales
rPois    ∞         Reflect  .   c - +0 helmet
rElec    .         Harm     .   (no cloak)
rCorr    +         Rampage  .   v - +0 pair of gloves
Will     .....                  l - +0 pair of boots
Stlth    +++.......             (no amulet)
HPRegen  0.15/turn              o - ring of resist corrosion
MPRegen  0.10/turn              (no ring)

@: no status effects
A: cold resistance 1, negative energy resistance 3, torment resistance 2, heat
vulnerability 1, no potions
a: Renounce Religion, Potion Petition, Call Merchant, Bribe Branch


You were on level 5 of the Dungeon.
You worshipped Gozag.
Gozag was aware of your devotion.
You visited 1 branch of the dungeon, and saw 5 of its levels.

You collected 290 gold pieces.
You paid 30 gold pieces to Gozag.

Inventory:

Hand Weapons
 a - a +0 long sword
 i - a +0 antimagic dagger
 u - a +4 dagger of electrocution (weapon)
Missiles
 d - 3 throwing nets (quivered)
 k - 36 poisoned darts
 s - 3 javelins
Armour
 c - a +0 helmet (worn)
 g - +0 shadow dragon scales (worn)
 l - a +0 pair of boots (worn)
 v - a +0 pair of gloves (worn)
Magical Staves
 b - a staff of death
 m - a staff of earth
Jewellery
 o - a ring of resist corrosion (left hand)
Wands
 n - a wand of iceblast (18)
Scrolls
 e - a scroll of enchant armour {unknown}
 f - 7 scrolls of identify {unknown}
 h - a scroll of immolation {unknown}
 j - 4 scrolls of blinking {unknown}
 p - 2 scrolls of holy word {unknown}
 q - 2 scrolls of teleportation {unknown}
 r - a scroll of acquirement {unknown}
 t - a scroll of amnesia {unknown}
 w - a scroll of magic mapping {unknown}


   Skills:
 + Level 3.4 Fighting
 * Level 4.2 Long Blades
 + Level 2.2 Throwing
 + Level 2.2 Armour
 + Level 2.6 Dodging
 + Level 2.3 Stealth


You had 5 spell levels left.
You didn't know any spells.
Your spell library contained the following spells:

 Spells                   Type           Power      Damage    Failure   Level
 Summon Small Mammal      Summ           0%         N/A       100%        1
 Call Imp                 Summ           0%         N/A       100%        2
 Poisonous Vapours        Pois/Air       0%         N/A       100%        2
 Call Canine Familiar     Summ           0%         N/A       100%        3
 Conjure Flame            Conj/Fire      0%         6-21      100%        3
 Mephitic Cloud           Conj/Pois/Air  0%         N/A       100%        3
 Summon Guardian Golem    Hex/Summ       0%         N/A       100%        3
 Summon Ice Beast         Ice/Summ       0%         N/A       100%        4
 Summon Lightning Spire   Summ/Air       0%         N/A       100%        4
 Freezing Cloud           Conj/Ice/Air   0%         6-21      100%        6


Dungeon Overview and Level Annotations

Branches:
Dungeon (5/15)
 Temple: D:4-7

Altars:
Gozag
Qazlal
Sif Muna
Vehumet
Zin

Annotations:
D:4 Dowan, Duvessa, Sigmund
D:5 Edmund


Innate Abilities, Weirdness & Mutations

You are immune to poison.
Your flesh is cold resistant. (rC+)
You are immune to negative energy. (rN+++)
You are immune to unholy pain and torment.
You are vulnerable to heat. (rF-)
You do not drink.


Message History

Edmund is lightly wounded.
Edmund hits you with a +2 flail of holy wrath.
You convulse!
You puncture Edmund!
Edmund is lightly wounded.
Edmund hits you with a +2 flail of holy wrath.
You convulse.
You hit Edmund.
Edmund is moderately wounded.
Edmund hits you but does no damage.
You hit Edmund. Lightning courses through Edmund!
Edmund is severely wounded.
Edmund misses you.
You hit Edmund.
Edmund is severely wounded.
Edmund hits you with a +2 flail of holy wrath.
You convulse.
You hit Edmund but do no damage.
Edmund is severely wounded.
You hit Edmund.
Edmund is severely wounded.
Edmund hits you but does no damage.
You hit Edmund but do no damage.
Edmund is severely wounded.
Edmund closely misses you.
You hit Edmund.
Edmund is severely wounded.
Edmund hits you with a +2 flail of holy wrath.
* * * LOW HITPOINT WARNING * * *
You convulse.
* * * LOW HITPOINT WARNING * * *
Throw: 4 throwing nets
Press: ? - help, Q - select action, (/) - cycle Shift-Dir - straight line, f - Edmund
Aim: Edmund, wielding a +2 flail of holy wrath and wearing a +0 leather armour (severely wounded, 59% to hit)
You throw a throwing net. The throwing net closely misses Edmund.
Edmund hits you with a +2 flail of holy wrath.
* * * LOW HITPOINT WARNING * * *
You convulse!
You die...
Your body crumbles into a pile of gold.

#### #########
..... #.......#
#.....#####.......#
#(....@@..........#
#.....#####.......#
####. #.......# .#
#.# ####....# .#
#.# #....# .###.#
#....# #....#
#....###### .
#....# #..........
..####....#
####..........


You could see Edmund.

Vanquished Creatures
  An ogre (D:4)
  A scorpion (D:4)
  A hound (D:4)
  Ijyb (D:4)
  An iguana (D:5)
  A killer bee zombie (D:3)
  6 gnolls
  5 adders
  A white imp (D:5)
  An ufetubus (D:5)
  An adder skeleton (D:5)
  2 worms
  3 dart slugs
  7 orcs
  4 bats
  8 endoplasms
  3 giant cockroaches
  4 hobgoblins
  6 jackals (D:1)
  3 quokkas
  6 ball pythons
  4 frilled lizards
  2 goblins
  4 kobolds
  4 rats (D:1)
80 creatures vanquished.

Notes
Turn   | Place    | Note
-------+----------+-------------------------------------------
     0 | D:1      | chippings the Mummy Gladiator began the quest for the Orb.
     0 | D:1      | Reached XP level 1. HP: 16/16 MP: 1/1
    47 | D:1      | Found a faded altar of an unknown god.
   184 | D:1      | Reached XP level 2. HP: 17/22 MP: 2/2
   685 | D:2      | Found a stormy altar of Qazlal.
   711 | D:2      | Reached XP level 3. HP: 28/28 MP: 3/3
   790 | D:2      | Reached skill level 3 in Long Blades
   790 | D:2      | Reached skill level 1 in Stealth
   797 | D:2      | Reached skill level 1 in Armour
  1367 | D:3      | Reached XP level 4. HP: 31/34 MP: 4/4
  1909 | D:3      | Reached XP level 5. HP: 21/40 MP: 5/5
  2320 | D:3      | Found a shimmering blue altar of Sif Muna.
  2402 | D:3      | Found an opulent altar of Gozag.
  2415 | D:3      | Became a worshipper of Gozag Ym Sagoz the Greedy
  2548 | D:4      | Noticed Duvessa
  2548 | D:4      | Noticed Dowan
  3036 | D:4      | Noticed Sigmund
  3287 | D:4      | Reached XP level 6. HP: 45/47 MP: 6/6
  3315 | D:4      | Reached skill level 4 in Long Blades
  3483 | D:4      | Noticed Ijyb
  3496 | D:4      | Killed Ijyb
  4111 | D:5      | Entered Level 5 of the Dungeon
  4423 | D:5      | Found a radiant altar of Vehumet.
  4654 | D:5      | Noticed Edmund
  4669 | D:5      | Slain by Edmund

Illustrated notes

Levels and vault maps discovered:
D:1:      lightli_arrival_statuegarden, layout_basic,
          hellmonk_ecumenical_altar_lost_god, minmay_unequal
D:2:      layout_basic, basic_altar, minmay_box_of_dots
D:3:      layout_rooms, grunt_temple_overflow_gold_and_silver, marbit_many_paths
D:4:      layout_gridville, uniq_ijyb, uniq_sigmund, uniq_duvessa
D:5:      layout_gridville, lemuel_tele_altar, kennysheep_another_room,
          minivault_24, uniq_edmund

Skill      XL: |  1  2  3  4  5  6 |
---------------+-------------------+-----
Long Blades    | 3 4 |  4.2
Stealth        | 1 2 |  2.3
Armour         | 1 2 |  2.2
Fighting       | 3 |  3.4
Throwing       | 2 |  2.2
Dodging        | |  2.6

Action                   |  1- 3 |  4- 6 || total
-------------------------+-------+-------++-------
Melee: Long sword        |   102 |   148 ||   250
       Dagger            |       |    59 ||    59
Throw: Dart              |       |     6 ||     6
       Throwing net      |       |     2 ||     2
 Stab: Sleeping          |    11 |     5 ||    16
       Held in net/web   |       |     1 ||     1
Armor: Shadow dragon sca |    94 |   135 ||   229
       Leather armour    |     1 |       ||     1
Dodge: Dodged            |    53 |    93 ||   146
       Rpst.: Long sword |    12 |    23 ||    35

Table legend: (Time is in decaauts)
 A = Elapsed time spent in this place.
 B = Non-inter-level travel time spent in this place.
 C = Inter-level travel time spent in this place.
 D = Time resting spent in this place.
 E = Time spent auto-exploring this place.
 F = Levels seen in this place.
 G = Mean time per level.
                   A        B        C        D        E       F      G
               +--------+--------+--------+--------+--------+-----+--------+
         Total |   4724 |   4626 |     98 |    612 |   2609 |   5 |  944.8 |
       Dungeon |   4724 |   4626 |     98 |    612 |   2609 |   5 |  944.8 |
               +--------+--------+--------+--------+--------+-----+--------+

Top non-repeatable levels by time:
     D:3: 1439 daAuts
     D:4: 1189 daAuts
     D:2: 924 daAuts
     D:1: 618 daAuts
     D:5: 551 daAuts
